 Dungeon Crawl Stone Soup version 0.30-a0-949-g53dc5368d7 (console) character file.

Game seed: 5613583359993568413

5 utis the Cutter (level 1, 0/12 HPs)
             Began as a Tengu Wanderer on Mar 27, 2023.
             Slain by a quokka (3 damage)
             ... on level 1 of the Dungeon.
             The game lasted 00:01:58 (171 turns).

utis the Cutter (Tengu Wanderer)                     Turns: 171, Time: 00:01:59

Health: 0/12       AC:  2    Str:  9    XL:     1   Next: 80%
Magic:  5/5        EV: 12    Int: 10    God:
Gold:   37         SH:  0    Dex: 18    Spells: 5/6 levels left

rFire   . . .      SeeInvis .    a - +3 short sword
rCold   . . .      Faith    .    (no shield)
rNeg    . . .      Spirit   .    c - +0 robe
rPois   .          Reflect  .    (helmet restricted)
rElec   .          Rampage  .    (no cloak)
rCorr   .                        (no gloves)
Will    .....                    (boots unavailable)
Stlth   ++                       (no amulet)
HPRegen 0.22/turn                (no ring)
MPRegen 0.09/turn                (no ring)

@: no status effects
A: beak, talons 3
a: no special abilities


You were on level 1 of the Dungeon.
You visited 1 branch of the dungeon, and saw 1 of its levels.

You collected 37 gold pieces.

Inventory:

Hand Weapons
 a - a +3 short sword (weapon)
Missiles
 g - 6 stones
Armour
 c - a +0 robe (worn)
Scrolls
 d - a scroll of vulnerability {unknown}
 e - a scroll of acquirement {unknown}
 h - a scroll of immolation {unknown}
Potions
 b - a potion of attraction
 f - a potion of curing {unknown}


   Skills:
 + Level 2.1 Fighting
 - Level 3.2 Short Blades
 + Level 1.3 Dodging
 - Level 3.0 Spellcasting
 + Level 0.7 Conjurations
 + Level 1.6 Air Magic


You had 5 spell levels left.
You knew the following spells:

 Your Spells              Type           Power      Damage    Failure   Level
z - Shock                 Conj/Air       12%        1d3       17%         1

Your spell library contained the following spells:

 Spells                   Type           Power      Damage    Failure   Level
 Mephitic Cloud           Conj/Pois/Air  3%         N/A       52%         3


Dungeon Overview and Level Annotations

Branches:
Dungeon (1/15)

Altars:


Innate Abilities, Weirdness & Mutations

You have a beak for a mouth.
You have claws for feet.


Message History

You miscast Shock.
You are very lightly contaminated with residual magic.
Nothing appears to happen.
The zap hits the kobold.
You kill the kobold!
You start resting.
Your magical contamination has completely faded away.
You start resting.
Magic restored.
g - 6 stones (gained 1)
You see here a +0 whip.
A hobgoblin comes into view.
The zap hits the hobgoblin but does no damage.
The hobgoblin shouts!
A bat comes into view.
The bat moves out of view.
A quokka comes into view.
You hit the hobgoblin. Your peck misses the hobgoblin.
The hobgoblin is heavily wounded.
You closely miss the hobgoblin. Your peck misses the hobgoblin.
The hobgoblin is heavily wounded.
The hobgoblin hits you.
You barely miss the hobgoblin. You peck the hobgoblin.
You kill the hobgoblin!
You miss the quokka. Your peck misses the quokka. The quokka bites you.
You barely miss the quokka. The quokka bites you.
* * * LOW HITPOINT WARNING * * *
You hit the quokka.
The quokka is severely wounded.
The quokka closely misses you.
You closely miss the quokka. Your kick misses the quokka.
Your peck misses the quokka.
The quokka is severely wounded.
The quokka bites you.
* * * LOW HITPOINT WARNING * * *
You are too injured to fight recklessly!
You are too injured to fight recklessly!
You hit the quokka but do no damage. Your peck misses the quokka.
The quokka is severely wounded.
The quokka bites you.
You die...

░░░░░░░ ░.....░
░)....░░░░░░
░..rQ......░
.......░░░░......░
....░░... ░......░
.. ░░░..░......░
░.░......░
░.......░░
░░......░
░░░.....░░░ ░
░.........░ .░


You could see a quokka.

Vanquished Creatures
  2 hobgoblins (D:1)
  A quokka (D:1)
  A bat (D:1)
  A kobold (D:1)
5 creatures vanquished.

Notes
Turn   | Place    | Note
-------+----------+-------------------------------------------
     0 | D:1      | utis the Tengu Wanderer began the quest for the Orb.
     0 | D:1      | utis set off with the following items: a +3 short sword, a
                  | potion of attraction, a +0 robe; and the following spell
                  | memorised: Shock; and the following spells available to
                  | memorise: Mephitic Cloud.
     0 | D:1      | Reached XP level 1. HP: 12/12 MP: 5/5
   171 | D:1      | Slain by a quokka

Illustrated notes

Levels and vault maps discovered:
D:1:      tarquinn_simple_flora_water_f, layout_basic

Action                     || total
---------------------------++-------
  Melee: Short sword       ||    13
         Peck              ||     2
   Cast: Shock             ||     2
 Armour: Robe              ||     2
  Dodge: Dodged            ||     4

Table legend: (Time is in decaauts)
 A = Elapsed time spent in this place.
 B = Non-inter-level travel time spent in this place.
 C = Inter-level travel time spent in this place.
 D = Time resting spent in this place.
 E = Time spent auto-exploring this place.
 F = Levels seen in this place.
 G = Mean time per level.
                   A        B        C        D        E       F      G
               +--------+--------+--------+--------+--------+-----+--------+
         Total |    168 |    168 |      0 |     24 |     65 |   1 |  168.0 |
       Dungeon |    168 |    168 |      0 |     24 |     65 |   1 |  168.0 |
               +--------+--------+--------+--------+--------+-----+--------+

Top non-repeatable levels by time:
     D:1: 168 daAuts
